 Dungeon Crawl Stone Soup version 0.25.1-2-g60ff931df9 (webtiles) character file.

Game seed: 6731969788091861726

44 Ch1lls the Chopper (level 3, 0/33 HPs)
             Began as a Hill Orc Berserker on Aug 3, 2020.
             Was a Believer of Trog.
             Slain by a wight
             ... wielding a cursed -1 falchion
              (2 damage)
             ... on level 2 of the Dungeon on Aug 4, 2020.
             The game lasted 00:03:58 (689 turns).

Ch1lls the Chopper (Hill Orc Berserker)              Turns: 689, Time: 00:03:59

Health: 0/33       AC: 11    Str: 20    XL:     3   Next: 60%
Magic:  3/3        EV:  6    Int:  7    God:    Trog [**....]
Gold:   82         SH:  0    Dex: 10    Spells: 2/2 levels left

rFire    . . .     SeeInvis .   j - -2 hand axe (curse)
rCold    . . .     Gourm    .   (no shield)
rNeg     . . .     Faith    .   p - +0 plate armour
rPois    .         Spirit   .   (no helmet)
rElec    .         Reflect  .   d - +0 cloak
rCorr    .         Harm     .   (no gloves)
MR       .....                  (no boots)
Stlth    ..........             (no amulet)
HPRegen  0.11/turn              (no ring)
MPRegen  0.08/turn              (no ring)

@: lethally poisoned (0 -> -1), drained
A: no striking features
a: Berserk, Trog's Hand, Renounce Religion


You were on level 2 of the Dungeon.
You worshipped Trog.
Trog was pleased with you.
You were not hungry.

You visited 1 branch of the dungeon, and saw 2 of its levels.

You collected 82 gold pieces.

Inventory:

Hand Weapons
 a - a +0 hand axe
 j - a cursed -2 hand axe (weapon)
Missiles
 o - 6 silver javelins (quivered)
Armour
 b - a +0 animal skin
 d - a +0 cloak (worn)
 e - a +0 leather armour
 i - a +0 ring mail
 p - a +0 plate armour (worn)
Jewellery
 r - a +6 ring of dexterity {unknown}
Scrolls
 f - 2 scrolls of identify {unknown}
 g - 2 scrolls of blinking {unknown}
 l - a scroll of teleportation {unknown}
 m - 3 scrolls of remove curse {unknown}
 n - 2 scrolls of magic mapping {unknown}
 s - a scroll of amnesia {unknown}
Potions
 h - a potion of curing {unknown}
 k - a potion of heal wounds {unknown}
 t - a potion of resistance {unknown}
Comestibles
 c - a ration
 q - 2 chunks of flesh


   Skills:
 + Level 4.1(3.2) Fighting
 + Level 4.9(4.0) Axes
 + Level 2.6(1.7) Armour
 + Level 1.9(1.0) Dodging


You had 2 spell levels left.
You didn't know any spells.
Your spell library was empty.

Dungeon Overview and Level Annotations

Branches:
Dungeon (2/15)

Altars:


Message History

You closely miss the wight.
The wight is heavily damaged.
You hit the wight.
The wight hits you but does no damage. x2
The wight barely misses you.
You barely miss the wight.
The wight is heavily damaged.
You hit the wight but do no damage. The wight closely misses you. x2
The wight hits you from afar with a cursed +2 trident of freezing.
You feel drained. The wight freezes you.
* * * LOW HITPOINT WARNING * * *
You hit the wight.
The wight is severely damaged.
You hit the wight.
The wight hits you but does no damage. x3
You hit the wight but do no damage.
The wight is severely damaged.
You hit the wight but do no damage.
You feel sick.
The wight hits you with a cursed -1 falchion.
* * * LOW HITPOINT WARNING * * *
You feel drained.
You die...

##.####### #.#
#.#### #
#....# ..
#....# ...
.###
#....###..#
....
###....#....##
.#.##
#......†z.....
.....
#.....@z....##
###..
#.....z##.###
### #......#
.# #......# #
####...# #####


You could see 3 wights.

Vanquished Creatures
  An adder (D:2)
  2 dart slugs (D:1)
  2 leopard geckos (D:1)
  2 giant cockroaches
  7 goblins
  A hobgoblin (D:2)
  3 kobolds (D:1)
  4 bats
  2 frilled lizards
  2 rats
26 creatures vanquished.

Notes
Turn   | Place    | Note
-------+----------+-------------------------------------------
     0 | D:1      | Ch1lls the Hill Orc Berserker began the quest for the Orb.
     0 | D:1      | Reached XP level 1. HP: 19/19 MP: 1/1
    45 | D:1      | Reached XP level 2. HP: 22/27 MP: 2/2
   426 | D:1      | Reached XP level 3. HP: 33/33 MP: 3/3
   640 | D:2      | Reached ** piety under Trog
   689 | D:2      | Slain by a wight

Illustrated notes

Levels and vault maps discovered:
D:1:      doesnt_arrival_eight_statues, layout_rooms, minmay_tromino_mix6
D:2:      layout_rooms, grunt_qazlal_sundering, grunt_ministairs_4

Skill      XL: |  1  2 |
---------------+-------+-----
Fighting       | 4 |  4.1
Axes           | |  4.9
Armour         | |  2.6
Dodging        | |  1.9

Action                   || total
-------------------------++-------
Melee: Hand axe          ||    88
Armor: Animal skin       ||     3
       Ring mail         ||    31
       Leather armour    ||     2
       Plate armour      ||    53
Dodge: Dodged            ||    73
